 Dungeon Crawl Stone Soup version 0.14-a0-2162-g062a2ce (webtiles) character file.

14119 M4edhros the Green Death (level 12, -3/68 HPs)
             Began as an Octopode Hunter on Jan 28, 2014.
             Was an Elder of Fedhas.
             Slain by an unseen horror (10 damage)
             ... on Level 11 of the Dungeon.
             The game lasted 00:51:43 (12697 turns).

M4edhros the Green Death (Octopode Hunter)         Turns: 12697, Time: 00:51:44

HP  -3/68        AC  3     Str 12      XL: 12   Next: 12%
MP  36/36        EV 12     Int 13      God: Fedhas [****..]
Gold 89          SH  0     Dex 17      Spells:  1 memorised,  8 levels left

rFire  . . .     SeeInvis .     b - +5,+6 sling
rCold  + . .     Clarity  .     (no shield)
rNeg   . . .     Conserve .     x - +2 hat
rPois  .         rCorr    .     (no amulet)
rElec  .         rRot     .     d - cursed ring of invisibility
SustAb + .       Spirit   .     E - ring of sustain abilities
rMut   .         Warding  .     q - ring of magical power
Saprov . . .     Stasis   .     (no ring)
MR     .....                    (no ring)
                                (no ring)
                                (no ring)
                                (no ring)

@: about to teleport, very slightly contaminated, drained, not resistant to
hostile enchantments, extremely stealthy
A: almost no armour, amphibious, 8 rings, constrict 8, spike 1, camouflage 1,
blurry vision 1, cold resistance 1, deformed body, wild magic 1, gelatinous body
1
a: Evolution, Sunlight, Growth, Reproduction, Renounce Religion, Evoke
Invisibility


You were on level 11 of the Dungeon.
You worshipped Fedhas.
Fedhas was greatly pleased with you.
You were not hungry.

You visited 2 branches of the dungeon, and saw 12 of its levels.
You also visited: Sewer.

You collected 574 gold pieces.
You spent 485 gold pieces at shops.

Inventory:

Hand weapons
 b - a +5,+6 sling (weapon)
 s - the +5,+9 morningstar of Nemelex Xobeh's Scorn {drain, Hunger rPois Int+2}
   (You took it off a centaur warrior on level 11 of the Dungeon)

   A truly terrible weapon, it drains the life of those it strikes.
   It affects your intelligence (+2).
   It protects you from poison.
   It speeds your metabolism.
 M - a +4,+0 elven cutlass of electrocution
 N - a +0 blowgun
Missiles
 c - 15 sling bullets
 g - 5 javelins
 n - 132 stones (quivered)
 t - 7 sling bullets of frost
 O - 7 curare-tipped needles
Armour
 x - a +2 hat (worn)
Magical devices
 h - a wand of cold (5)
 k - a wand of teleportation (3)
 y - a wand of enslavement (8)
 H - a wand of frost (8)
 J - a wand of random effects (9)
Comestibles
 f - 6 bread rations
 o - 4 pears
 w - a royal jelly
 L - 12 grapes
Scrolls
 a - 6 scrolls of remove curse
 m - 4 scrolls of amnesia
 r - 3 scrolls of fog
 u - 4 scrolls of enchant armour
 v - 2 scrolls of blinking
Jewellery
 d - a cursed ring of invisibility (left tentacle)
 i - a cursed amulet of stasis
 j - an uncursed ring of ice
 l - an uncursed amulet of resist mutation
 q - a ring of magical power (on tentacle)
 E - a ring of sustain abilities (right tentacle)
Potions
 e - a potion of degeneration
 A - a potion of brilliance
 B - a potion of speed
Books
 p - a book of Transfigurations

   Spells                             Type                      Level
   Stoneskin                          Transmutation/Earth          2
   Ice Form                           Ice/Transmutation            4
   Statue Form                        Transmutation/Earth          6
   Dragon Form                        Transmutation                7
 C - a book of Necromancy

   Spells                             Type                      Level
   Pain                               Necromancy                   1
   Animate Skeleton                   Necromancy                   1
   Lethal Infusion                    Charms/Necromancy            2
   Vampiric Draining                  Necromancy                   3
   *Regeneration                      Charms/Necromancy            3
   Animate Dead                       Necromancy                   4
   Control Undead                     Necromancy                   4
 G - a book of Clouds

   Spells                             Type                      Level
   Mephitic Cloud                     Conjuration/Poison/Air       3
   Conjure Flame                      Conjuration/Fire             3
   Poisonous Cloud                    Conjuration/Poison/Air       6
   Freezing Cloud                     Conjuration/Ice/Air          6
   Ring of Flames                     Charms/Fire                  7


   Skills:
 - Level 1.0(0.9) Fighting
 - Level 3.7(3.6) Maces & Flails
 + Level 10.9(10.8) Slings
 - Level 2.0(1.9) Dodging
 - Level 10.0(9.9) Stealth
 + Level 7.1(7.0) Charms
 - Level 5.0(4.9) Necromancy
 * Level 12.1(12.0) Invocations


You had 8 spell levels left.
You knew the following spells:

 Your Spells              Type           Power        Failure   Level  Hunger
a - Regeneration          Chrm/Necr      ###.......   19%         3    ####...


Dungeon Overview and Level Annotations

Branches:
Dungeon (11/16) Temple (1/1) D:4 Orc (0/4) D:9 Lair (0/8) D:9 D:11

Altars:
Ashenzari
Cheibriados
Dithmengos
Elyvilon
Fedhas
Kikubaaqudgha
Makhleb
Nemelex Xobeh
Sif Muna
Trog
Vehumet
Xom
Yredelemnul
The Shining One

Shops:
D:8 (   D:10 **([=


Innate Abilities, Weirdness & Mutations

You cannot wear most types of armour.
You are amphibious.
You can wear up to eight rings at the same time.
You can use your tentacles to constrict many enemies at once.
Your skin changes colour to match your surroundings (Stlth).
Your rubbery body absorbs attacks (AC +1).
One of your tentacles bears a spike.
Your vision is a little blurry.
Your flesh is cold resistant.
Your body is misshapen.
Your spells are a little harder to cast, but a little more powerful.


Message History

Something hits you!
* * * LOW HITPOINT WARNING * * *
Something hits your wandering mushroom!
Your wandering mushroom is destroyed!
You feel a little guilty.
Drink which item? (? for menu, Esc to quit)
Okay, then.
Read which item? (? for menu, Esc to quit)
As you read the scroll of teleportation, it crumbles to dust.
You feel strangely unstable. Something hits you.
* * * LOW HITPOINT WARNING * * *
Drink which item? (? for menu, Esc to quit)
Okay, then.
Something barely misses you.
Found an orcish dagger.
Something hits you.
* * * LOW HITPOINT WARNING * * *
Something hits you!
You die...
Fedhas appreciates your contribution to the ecosystem.

...## #....f...(........#
f)..#####.#.##....)####.##
.....# #................#
P.)f.## ###.##.###..#.....
(.f...# #...#.###..#.#..#
#.....####....%.......#..#
#).....[...%.#.###...)...#
#......###.###.###..####.#
#.P...## #.# #..@.....)..#
.PP.P.# #%##############
.f...## #...# .....# ###<#
.f.%.#######.#
.....##..f...#
.....##.####.#
.....##.####.#
...>.##f#....#


There were no monsters in sight!

Vanquished Creatures
  Harold (D:11)
  A centaur warrior (D:11)
  Nergalle (D:11)
  The ghost of SkaryMonk the Reanimator, an experienced DDNe of Kikubaaqudgha (D:9)
  A hill giant (D:10)
  A fire drake (D:9)
  The ghost of DasRunzen the Skirmisher, an experienced VSFi (D:4)
  A troll (D:11)
  A hippogriff (D:8)
  2 ugly things (D:11)
  A yak (D:11)
  A steam dragon (D:11)
  2 deep elf fighters
  A manticore (D:9)
  3 orc warriors
  An ogre (D:10)
  An ice beast (D:7)
  A black bear (D:10)
  A sky beast (D:9)
  2 centaurs
  A water moccasin (D:8)
  2 big kobolds (D:11)
  Blork the orc (D:7)
  4 giant frogs
  A gnoll sergeant (D:10)
  A komodo dragon skeleton (D:8)
  A manticore skeleton (D:11)
  5 killer bees
  9 wights
  A yak skeleton (D:9)
  5 crimson imps
  A gnoll shaman (D:8)
  3 hounds
  A basilisk skeleton (D:9)
  A centaur skeleton (D:8)
  3 jellies (D:10)
  5 orc priests
  5 orc wizards
  A scorpion (D:10)
  2 water moccasin skeletons
  6 worker ants
  2 iguanas
  Ijyb (D:7)
  4 mummies
  8 gnolls
  9 adders
  A green rat (D:11)
  3 giant mites
  2 worms
  2 orc skeletons
  2 giant eyeballs
  9 giant geckos
  2 oozes (D:1)
  30 orcs
  26 bats
  9 giant cockroaches
  2 grey rats (D:6)
  16 hobgoblins
  10 jackals
  20 kobolds
  7 quokkas
  2 ball pythons
  2 giant newts (D:1)
  13 goblins
  A hobgoblin skeleton (D:4)
  A kobold skeleton (D:6)
  An orc zombie (D:10)
  32 rats
  A rat zombie (D:7)
302 creatures vanquished.

Vanquished Creatures (collateral kills)
  A hydra (D:11)
  Josephine (D:11)
  The ghost of Econoterrorist the Grappler, an experienced TrMo (D:10)
  A deep elf knight (D:11)
  The ghost of Jenx the Basher, an experienced GrFi of Okawaru (D:8)
  An unseen horror (D:9)
  A skeletal warrior (D:9)
  A griffon (D:11)
  2 cyclopes
  A mottled dragon (D:8)
  A hydra skeleton (D:11)
  3 ugly things (D:11)
  6 yaks (D:11)
  A hill giant skeleton (D:9)
  Menkaure (D:4)
  A gnoll shaman (D:5)
  2 orc warriors
  A sky beast (D:5)
  A black bear (D:4)
  2 centaurs
  An ogre (D:5)
  2 phantoms
  A crocodile (Sewer)
  Duvessa (D:8)
  A giant frog (D:9)
  A gnoll sergeant (D:5)
  2 killer bees (D:10)
  A troll skeleton (D:11)
  10 wights
  Dowan (D:8)
  3 crimson imps
  2 iguanas (D:9)
  2 centaur skeletons
  A hound (D:4)
  2 jellies
  4 orc wizards
  4 worker ants
  10 gnolls
  3 green rats (D:11)
  An adder skeleton (D:5)
  12 orcs
  3 bats
  2 hobgoblins
  A jackal (D:5)
  2 rats
103 creatures vanquished.

Vanquished Creatures (others)
  An oklob plant (D:9)
  27 wandering mushrooms
  2 necrophages
  A killer bee zombie (D:8)
  A worker ant zombie (D:6)
  A scorpion zombie (D:11)
  A rat (D:1)
  7 fungi (D:11)
  A plant (D:11)
  198 toadstools
240 creatures vanquished.

Grand Total: 645 creatures vanquished

Notes
Turn   | Place    | Note
--------------------------------------------------------------
     0 | D:1      | M4edhros, the Octopode Hunter, began the quest for the Orb.
     0 | D:1      | Reached XP level 1. HP: 13/13 MP: 1/1
   149 | D:1      | Reached XP level 2. HP: 15/18 MP: 2/2
   869 | D:2      | Reached XP level 3. HP: 19/23 MP: 3/3
   977 | D:2      | Reached skill level 5 in Slings
  1300 | D:4      | Noticed DasRunzen's ghost (experienced VSFi)
  1306 | D:3      | Found a white marble altar of Elyvilon.
  1352 | D:4      | Killed DasRunzen's ghost
  1352 | D:4      | Reached skill level 7 in Slings
  1352 | D:4      | Reached XP level 4. HP: 4/28 MP: 4/4
  1352 | D:4      | Reached XP level 5. HP: 4/33 MP: 5/5
  1352 | D:4      | Reached XP level 6. HP: 4/38 MP: 6/6
  1673 | D:4      | Found a staircase to the Ecumenical Temple.
  1746 | Temple   | Entered the Ecumenical Temple
  1790 | Temple   | Became a worshipper of Fedhas Madash
  2583 | D:3      | Acquired Fedhas' first power
  2725 | D:3      | Reached skill level 1 in Invocations
  2812 | D:3      | Found a deep blue altar of Sif Muna.
  3103 | D:4      | Reached XP level 7. HP: 43/43 MP: 8/8
  3146 | D:4      | Acquired Fedhas' second power
  3312 | D:4      | Noticed a giant frog
  3317 | D:4      | Killed a giant frog
  3334 | D:4      | Noticed Menkaure
  3344 | D:4      | Killed Menkaure
  3617 | D:4      | Noticed a black bear
  3623 | D:4      | Killed a black bear
  3623 | D:4      | Reached skill level 8 in Slings
  3623 | D:4      | Reached skill level 5 in Stealth
  3875 | D:5      | Entered Level 5 of the Dungeon
  4095 | D:5      | Reached XP level 8. HP: 37/48 MP: 13/13
  4864 | D:5      | Gained mutation: Your body is misshapen. [mutagenic meat]
  4865 | D:5      | Gained mutation: Your spells are a little harder to cast, but a little more powerful. [mutagenic meat]
  4866 | D:5      | Gained mutation: One of your tentacles bears a spike. [mutagenic meat]
  4973 | D:6      | Found a bloodstained altar of Trog.
  4976 | D:6      | Reached skill level 1 in Maces & Flails
  5044 | D:6      | Learned a level 3 spell: Regeneration
  5193 | D:6      | Found a glowing drain.
  5216 | D:6      | Reached skill level 1 in Necromancy
  5219 | D:6      | Reached skill level 5 in Invocations
  5326 | D:6      | Acquired Fedhas' third power
  5334 | Sewer    | Entered a sewer
  5417 | Sewer    | Gained mutation: Your flesh is cold resistant. [potion of beneficial mutation]
  5600 | D:6      | Reached skill level 1 in Charms
  5818 | D:7      | Reached XP level 9. HP: 18/53 MP: 17/17
  6040 | D:7      | Noticed Ijyb
  6047 | D:7      | Killed Ijyb
  6330 | D:7      | Noticed Blork the orc
  6423 | D:7      | Killed Blork the orc
  6665 | D:7      | Found a radiant altar of Vehumet.
  6665 | D:7      | Found a shattered altar of Ashenzari.
  6845 | D:8      | Found Fimpon's Weapon Shoppe.
  6852 | D:8      | Identified a scroll of acquirement
  6962 | D:8      | Noticed Jenx's ghost (experienced GrFi)
  6993 | D:8      | Killed Jenx's ghost
  7216 | D:8      | Noticed Duvessa
  7216 | D:8      | Noticed Dowan
  7228 | D:8      | Killed Duvessa
  7229 | D:8      | Killed Dowan
  7406 | D:8      | Acquired Fedhas' fourth power
  7409 | D:8      | Noticed a cyclops
  7488 | D:8      | Killed a cyclops
  7492 | D:8      | Reached skill level 9 in Slings
  7589 | D:8      | Reached XP level 10. HP: 52/58 MP: 21/21
  7652 | D:8      | Paralysed by a giant eyeball for 2 turns
  8445 | D:9      | Noticed a skeletal warrior
  8477 | D:9      | Noticed a skeletal warrior
  8477 | D:9      | Noticed a skeletal warrior
  8709 | D:9      | Found a staircase to the Lair.
  8744 | D:9      | Noticed SkaryMonk's ghost (experienced DDNe)
  8756 | D:9      | Killed SkaryMonk's ghost
  9130 | D:9      | Found a basalt altar of Yredelemnul.
  9131 | D:9      | Noticed a profane servitor
  9154 | D:9      | Found a glowing golden altar of the Shining One.
  9155 | D:9      | Noticed an angel
  9413 | D:9      | Noticed an unseen horror
  9419 | D:9      | Killed an unseen horror
  9501 | D:9      | Found a staircase to the Orcish Mines.
  9754 | D:9      | Noticed a skeletal warrior
  9765 | D:9      | Killed a skeletal warrior
 10011 | D:10     | Entered Level 10 of the Dungeon
 10084 | D:10     | Found Aliac's Armour Boutique.
 10139 | D:10     | Found Stroucsau's Weapon Shop.
 10153 | D:10     | Noticed Econoterrorist's ghost (experienced TrMo)
 10162 | D:10     | Killed Econoterrorist's ghost
 10162 | D:10     | Reached skill level 10 in Stealth
 10162 | D:10     | Reached XP level 11. HP: 52/63 MP: 24/24
 10166 | D:10     | Reached skill level 5 in Necromancy
 10249 | D:10     | Found Uhiajut's General Store.
 10305 | D:10     | Found Mnimuok's Jewellery Shop.
 10389 | D:10     | Reached skill level 5 in Charms
 10530 | D:10     | Bought a potion of heal wounds for 30 gold pieces
 10530 | D:10     | Bought a scroll of fog for 20 gold pieces
 10530 | D:10     | Bought 12 grapes for 12 gold pieces
 10575 | D:10     | Noticed a hill giant
 10588 | D:10     | Killed a hill giant
 10701 | D:10     | Found Stem's General Store.
 10713 | D:10     | Bought a scroll of identify for 34 gold pieces
 10740 | D:10     | Bought a +4,+0 elven cutlass of electrocution for 389 gold pieces
 10824 | D:11     | Noticed a five-headed hydra
 10878 | D:11     | Reached skill level 10 in Slings
 10878 | D:11     | Reached skill level 10 in Invocations
 11272 | D:11     | Gained mutation: Your vision is a little blurry. [mutagenic meat]
 11273 | D:11     | Gained mutation: You are robust (+10% HP). [mutagenic meat]
 11274 | D:11     | Lost mutation: You are robust (+10% HP). [mutagenic meat]
 11405 | D:11     | Noticed a centaur warrior
 11430 | D:11     | HP: 1/63 [centaur warrior/uncursed encrusted morningstar {drain} (5)]
 11431 | D:11     | Killed a centaur warrior
 11434 | D:11     | Got an uncursed encrusted morningstar {drain}
 11548 | D:11     | Identified the +5,+9 morningstar of Nemelex Xobeh's Scorn {drain, Hunger rPois Int+2} (You took it off a centaur warrior on level 11 of the Dungeon)
 11566 | D:11     | Noticed Josephine
 11584 | D:11     | Killed Josephine
 11667 | D:11     | Noticed a deep elf knight
 11679 | D:11     | Killed a deep elf knight
 11679 | D:11     | Reached skill level 11 in Invocations
 11996 | D:11     | Found a staircase to the Lair.
 12048 | D:11     | Noticed Harold
 12070 | D:11     | Killed Harold
 12177 | D:11     | Noticed an unseen horror
 12454 | D:11     | Killed a five-headed hydra
 12506 | D:11     | Reached XP level 12. HP: 48/68 MP: 27/27
 12576 | D:11     | Noticed Nergalle
 12602 | D:11     | Killed Nergalle
 12602 | D:11     | Reached skill level 12 in Invocations
 12697 | D:11     | Slain by an unseen horror

Action                   |  1- 3 |  4- 6 |  7- 9 | 10-12 || total
-------------------------+-------+-------+-------+-------++-------
Melee: Short sword       |    34 |     3 |       |       ||    37
       Spear             |    25 |       |       |       ||    25
       Cutlass           |     7 |       |       |    26 ||    33
       Whip              |       |       |   112 |       ||   112
       Sling             |       |       |       |     1 ||     1
 Fire: Sling             |    29 |   128 |   168 |   592 ||   917
       Blowgun           |       |       |       |     2 ||     2
 Cast: Regeneration      |       |       |       |    13 ||    13
Invok: Evolution         |       |       |    11 |    18 ||    29
       Sunlight          |       |       |     4 |     8 ||    12
       Growth            |       |       |       |     1 ||     1
Evoke: Wand              |       |       |     4 |     8 ||    12
  Use: Scroll            |    12 |     3 |    14 |     8 ||    37
       Potion            |     2 |     5 |     6 |    10 ||    23
 Stab: Sleeping          |     5 |       |    16 |       ||    21
       Confused          |       |       |       |     1 ||     1
